 Dungeon Crawl Stone Soup version 0.20.0-8-g6b59dc7 (webtiles) character file.

446 QuCean the Shield-Bearer (level 6, -1/53 HPs)
             Began as a Minotaur Fighter on May 31, 2017.
             Killed by nerve-wracking pain
             ... invoked by Grinder
              (13 damage)
             ... on level 4 of the Dungeon on June 1, 2017.
             The game lasted 00:19:20 (3605 turns).

QuCean the Shield-Bearer (Minotaur Fighter)         Turns: 3605, Time: 00:19:20

Health: -1/53      AC:  8    Str: 22    XL:     6   Next: 73%
Magic:  5/5        EV:  8    Int:  5    God:
Gold:   174        SH: 14    Dex: 10    Spells: 5/5 levels left

rFire    . . .     SeeInvis .   a - +1 war axe
rCold    . . .     Gourm    .   c - +0 shield
rNeg     . . .     Faith    .   b - +0 scale mail
rPois    .         Spirit   .   (helmet restricted)
rElec    .         Reflect  +   (no cloak)
rCorr    .         Harm     .   u - +0 pair of gloves
MR       .....                  (no boots)
Stlth    ..........             f - +4 amulet of reflection
Regen    0.2/turn               (no ring)
MPRegen  0.1/turn               (no ring)

@: no status effects
A: retaliatory headbutt, horns 2
a: no special abilities


You were on level 4 of the Dungeon.
You were not hungry.

You visited 1 branch of the dungeon, and saw 4 of its levels.

You collected 174 gold pieces.

Inventory:

Hand Weapons
 a - a +1 war axe (weapon)
 s - a +0 club
Armour
 b - a +0 scale mail (worn)
 c - a +0 shield (worn)
 u - a +0 pair of gloves (worn)
Jewellery
 f - a +4 amulet of reflection (around neck)
 h - an uncursed ring of wizardry
Wands
 o - a wand of polymorph (10/24)
Scrolls
 e - 4 scrolls of remove curse
 j - a scroll of magic mapping
 q - a scroll of enchant armour {unknown}
Potions
 d - a potion of might
 g - a potion of haste {unknown}
 l - 2 potions of brilliance {unknown}
 m - 2 potions of heal wounds {unknown}
 n - a potion of flight {unknown}
 p - 2 potions of curing {unknown}
 r - 2 potions of magic {unknown}
Comestibles
 i - 2 bread rations
 k - a royal jelly


   Skills:
 + Level 4.6 Fighting
 + Level 5.1 Axes
 + Level 5.4 Armour
 + Level 1.6 Dodging
 + Level 5.6 Shields


You had 5 spell levels left.
You didn't know any spells.

Dungeon Overview and Level Annotations

Branches:
Dungeon (4/15)
 Temple: D:4-7

Altars:
Gozag
Qazlal

Annotations:
D:4 Grinder


Innate Abilities, Weirdness & Mutations

You reflexively headbutt those who attack you in melee.
You have a pair of horns on your head.


Message History

Grinder gestures at you. Pain shoots through your body! Grinder hits you!
You writhe in agony.
You barely miss Grinder. Your headbutt misses Grinder.
Grinder is moderately wounded.
Grinder hits you.
You writhe in agony.
Your shield and scale mail prevent you from hitting Grinder.
Grinder is moderately wounded.
You block Grinder's attack.
You slash Grinder!
Grinder is severely wounded.
Grinder hits you!
* * * LOW HITPOINT WARNING * * *
You writhe in agony.
* * * LOW HITPOINT WARNING * * *
You closely miss Grinder.
Grinder is severely wounded.
Grinder completely misses you.
Grinder blinks!
Grinder gestures at you. Pain shoots through your body!
You die...

##..## #.........# #..##
##.......## ##.## #.......#
#### ##..# ##.....#####...
##..## ##............
##..## ##....########
#..### ####..#### .....#
###....### .........
#.@......#
####.....................#
...######.................#
.... ####.......5.....#
....# #............## ....#
#...........## ....#
#...........# ....
#.....(>...## ..##


You could see Grinder.

Vanquished Creatures
  The ghost of Ketharn the Cudgeler, an amateur HOBe of Trog (D:3)
  Blork the orc (D:4)
  A howler monkey (D:4)
  A centaur skeleton (D:4)
  An iguana (D:4)
  A worker ant (D:4)
  4 adders
  2 worms
  2 dart slugs (D:1)
  A leopard gecko (D:2)
  5 orcs
  7 bats
  3 giant cockroaches
  11 goblins
  8 hobgoblins
  5 jackals
  4 kobolds
  A quokka (D:4)
  A ball python (D:2)
  5 frilled lizards
  4 rats
69 creatures vanquished.

Notes
Turn   | Place    | Note
-------+----------+-------------------------------------------
     0 | D:1      | QuCean the Minotaur Fighter began the quest for the Orb.
     0 | D:1      | Reached XP level 1. HP: 19/19 MP: 0/0
   201 | D:1      | Reached XP level 2. HP: 20/27 MP: 1/1
   590 | D:1      | Reached XP level 3. HP: 30/33 MP: 2/2
  1329 | D:2      | Found a stormy altar of Qazlal.
  1697 | D:2      | Reached XP level 4. HP: 35/40 MP: 3/3
  2307 | D:3      | Found an opulent altar of Gozag.
  2637 | D:3      | Noticed Ketharn's ghost (amateur HOBe)
  2645 | D:3      | Killed Ketharn's ghost
  2645 | D:3      | Reached skill level 1 in Dodging
  2645 | D:3      | Reached skill level 5 in Shields
  2645 | D:3      | Reached XP level 5. HP: 31/47 MP: 4/4
  3107 | D:4      | Reached XP level 6. HP: 41/53 MP: 5/5
  3130 | D:4      | Reached skill level 5 in Armour
  3356 | D:4      | Noticed Blork the orc
  3364 | D:4      | Killed Blork the orc
  3364 | D:4      | Reached skill level 5 in Axes
  3592 | D:4      | Noticed Grinder
  3605 | D:4      | Killed from afar by Grinder

Skill      XL: |  1  2  3  4  5  6 |
---------------+-------------------+-----
Fighting       | 4 |  4.6
Shields        | 4 5 |  5.6
Armour         | 4 5 |  5.4
Axes           | 3 4 5 |  5.1
Dodging        | 1 |  1.6

Action                   |  1- 3 |  4- 6 || total
-------------------------+-------+-------++-------
Melee: War axe           |   103 |    86 ||   189
       Headbutt          |    13 |    11 ||    24
  Use: Scroll            |     4 |     2 ||     6
  Eat: Chunk             |     1 |     2 ||     3
       Fruit             |       |     2 ||     2
       Bread ration      |       |     1 ||     1
Armor: Scale mail        |    63 |    37 ||   100
Dodge: Dodged            |    45 |    31 ||    76
Block: Shield            |    81 |    62 ||   143
